Unix NetHack Version 5.0.0-0 post-release - last build Jun 10 2026 00:39:30 (3ee93aec679c4c4259841fe613dc97188e26a321,branch:main).

Game began 2026-06-25 12:06:00, ended 2026-06-25 13:06:52.

Ch3Begorrah, chaotic male human Rogue

                           ------------
                          #...........|
 -----     ------         #|..........|
 |...|     |....|0        #|..........|
 |...|    (-%...|##       #|..........|
 |...---- %|.....##      ##|..........|
 |.ho...|%%|....|#       # --.---------
 |@h.@.o%% ------#       #   ##
 |)o...%|        #      ##    #
 |.h.----        #      #     #
 |...|           #      #     ######
 |G..|           #    ###          #                        ##
 -----          ##    #            #                        -.-
                #-----#            #                        |............|
                #|...|#           -.---------              #.......(.....|
                #|>.*|#           |......<...              #|............|
                #.+...#           |.........|##   ##########--------------
                 -----            |..........######
                                  -----------

Ch3Begorrah the Rogue   St:13 Dx:18 Co:18 In:7 Wi:14 Ch:7  Chaotic
Dlvl:13 $:1909 HP:0(71) Pw:28(28) AC:3  Xp:8 T:4066 

Latest messages:
 The Elvenqueen picks up a crossbow bolt.
 You hit the bugbear!
 The bugbear hits!
 The Elvenqueen wields a mace!
 In what direction? h
 You throw 3 daggers.
 The 1st dagger hits the bugbear.
 You kill the bugbear!
 The 2nd dagger hits the Elvenqueen.
 The 3rd dagger hits the Elvenqueen.
 In what direction? h
 You throw 3 daggers.
 The 1st dagger hits the Elvenqueen.
 The 2nd dagger hits the Elvenqueen.
 The 3rd dagger hits the Elvenqueen.
 The bugbear picks up a +0 dagger.
 The bugbear strikes at your displaced image and misses you!
 The Elvenqueen picks up a cursed curved sword.
 You see here a bugbear corpse.
 The bugbear wields a +0 dagger!
 The goblin misses the bugbear.
 The bugbear strikes at your displaced image and misses you!
 The hobgoblin picks up 5 +0 daggers.
 The Elvenqueen wields a cursed curved sword!
 The curved sword welds itself to the Elvenqueen's hand!
 The bugbear hits!
 The hobgoblin wields 5 +0 daggers!
 The bugbear strikes at your displaced image and misses you!
 The hobgoblin misses!
 The hobgoblin strikes at your displaced image and misses you!
 The bugbear strikes at your displaced image and misses you!
 The hobgoblin throws a dagger!
 The dagger misses the bugbear.
 The dagger misses the hobgoblin.
 You are hit by a dagger.
 You hear the howling of the CwnAnnwn...
 The bugbear throws a dagger!
 You are hit by a dagger.
 The bugbear strikes at your displaced image and misses you!
 The hobgoblin picks up a +0 dagger.
 You kill the hobgoblin!
 The bugbear picks up an orcish helm.
 The hobgoblin wields a +0 dagger!
 The hobgoblin throws a dagger!
 The dagger hits the Elvenqueen.
 The gnome queen shoots 3 crossbow bolts!
 The 1st crossbow bolt misses you.
 You are hit by the 2nd crossbow bolt.
 You die...
 Do you want your possessions identified? [ynq] (y) q

Inventory:
 Coins    ('$')
  $ - 1909 gold pieces
 Amulets  ('"')
  K - an uncursed amulet of ESP (being worn)
 Weapons  (')')
  q - 6 +0 daggers (at the ready)
  k - the blessed +0 Magicbane (weapon in right hand)
  a - a +1 short sword
 Armor    ('[')
  x - an uncursed rustproof +0 helm of caution (being worn)
  z - an uncursed +0 pair of gauntlets of dexterity (being worn)
  y - a blessed +0 pair of speed boots (being worn)
  B - a cursed +0 cloak of displacement (being worn)
  r - an uncursed +0 Hawaiian shirt with a hibiscus flower motif
  c - an uncursed +1 leather armor (being worn)
 Comestibles  ('%')
  Z - an uncursed cram ration
  R - an uncursed fortune cookie
  O - an uncursed lizard corpse
 Scrolls  ('?')
  W - 2 uncursed scrolls of blank paper
  V - an uncursed scroll of confuse monster
  J - a cursed scroll of create monster
  Y - 2 uncursed scrolls of enchant armor
  D - a cursed scroll of identify named cursed
  d - an uncursed scroll of remove curse
  L - an uncursed scroll of scare monster
 Spellbooks  ('+')
  b - an uncursed spellbook of fireball
 Potions  ('!')
  T - an uncursed potion of fruit juice
  N - 2 blessed potions of gain ability
  u - an uncursed potion of sickness
 Rings    ('=')
  o - an uncursed ring of levitation
  v - an uncursed ring of searching (on left hand)
 Wands    ('/')
  P - a cursed wand of create monster (0:13)
  F - a wand of slow monster (0:0)
  j - a wand of wishing (0:0)
 Tools    ('(')
  g - a cursed blindfold
  e - an uncursed lock pick
  E - a cursed magic marker (0:53)
  i - a +0 unicorn horn
 Gems/Stones  ('*')
  X - an uncursed jade stone
  m - an uncursed opal
  U - an uncursed worthless piece of green glass
  h - an uncursed worthless piece of white glass
  p - 3 uncursed worthless pieces of yellowish brown glass

Ch3Begorrah the Rogue's attributes:

Background:
 You were a Rogue, level 8 male human.
 You were chaotic, nominally on a mission for Kos
 who was opposed by Issek (lawful) and Mog (neutral).
 You were right-handed.
 You were in the Dungeons of Doom, on level 13.
 You entered the dungeon 4066 turns ago.
 You had 1893 experience points, 667 more were needed to attain level 9.

Basics:
 You had 0 out of 71 hit points.
 You had all 28 energy points (spell power).
 Your armor class was 3.
 Your wallet contained 1909 zorkmids.
 Autopickup was on for '$!/(' plus thrown, with exceptions.

Final Characteristics:
 Your strength was 13 (limit:18/100).
 Your dexterity was 18 (limit:18).
 Your constitution was 18 (limit:18).
 Your intelligence was 7 (limit:18).
 Your wisdom was 14 (limit:18).
 Your charisma was 7 (limit:18).

Final Status:
 You weren't hungry.
 You were unencumbered.
 You were wielding a dagger.
 You were skilled in dagger and could have enhanced that.

Final Attributes:
 You were piously aligned.
 You were magic-protected.
 You were telepathic.
 You were warned.
 You had automatic searching.
 You were displaced.
 You were stealthy.
 You were warded.
 You were very fast.
 You are dead.

Miscellaneous:
 You didn't encounter any bones levels.
 Total elapsed playing time was 1 hour and 51 seconds.

Major events:
 Turn
    1: Ch3Begorrah the chaotic male human Rogue entered the dungeon
  811: attained the rank of Cutpurse (level 3)
 1006: stole 760 zorkmids worth of merchandise from Makharadze's used armor dealership
 2030: attained the rank of Rogue (level 6)
 2060: declined to perform genocide
 2896: entered the Bigroom
 3975: made his first wish - "blessed +2 magicbane", got "an athame named Magicbane"
 4066: killed by a crossbow bolt

You didn't know any spells.

Skills:
 Fighting Skills
   bare handed combat [Unskilled]
   two weapon combat  [Unskilled]
   riding             [Unskilled]
 Weapon Skills
   dagger             [Skilled]
   knife              [Unskilled]
   short sword        [Basic]
   broadsword         [Unskilled]
   long sword         [Unskilled]
   two-handed sword   [Unskilled]
   saber              [Unskilled]
   club               [Unskilled]
   mace               [Unskilled]
   morning star       [Unskilled]
   flail              [Unskilled]
   hammer             [Unskilled]
   polearms           [Unskilled]
   spear              [Unskilled]
   crossbow           [Unskilled]
   dart               [Unskilled]
   shuriken           [Unskilled]
 Spellcasting Skills
   divination spells  [Unskilled]
   escape spells      [Unskilled]
   matter spells      [Unskilled]

Voluntary challenges:
 Character rerolling was not enabled.
 You followed a strict vegan diet.
 You were an atheist.
 You never genocided any monsters.
 You never polymorphed an object.
 You never changed form.
 You used 1 wish (for an artifact).
Achievements:
 You entered a shop.
 You attained the rank of Cutpurse.
 You attained the rank of Rogue.
 You entered the Big Room.

 The Dungeons of Doom: levels 1 to 14
    Level 1:
    Level 2:
       A general store.
    Level 3:
    Level 4:
       An armor shop, a fountain.
    Level 5:
    Level 6:
       A general store.
    Level 7:
    Level 8:
       Some fountains.
       Oracle of Delphi.
    Level 9: "2sb chest"
    Level 10:
       A very big room.
    Level 11:
       A fountain.
    Level 12:
       A fountain, a grave.
    Level 13: <- You were here.
       A throne.
       Final resting place for
          you, killed by a crossbow bolt.
    Level 14:
       Summoned by the Master of Thieves.


Vanquished creatures:
  a stalker
  2 small mimics
  a troll
  a dwarf ruler
  a tengu
  2 ettin zombies
  a chameleon
  a winter wolf cub
  a scorpion
  a forest centaur
  2 gnome rulers
 an orc mummy
  a rust monster
  a werewolf
  a lizard
  a white unicorn
  a gray unicorn
  2 plains centaurs
  2 snakes
  4 apes
  2 human zombies
 11 bugbears
 an orc shaman
  a rock piercer
  a shrieker
  3 gnome leaders
  a Kop Lieutenant
  a gray ooze
  5 elf zombies
  a baby crocodile
  a giant ant
  a floating eye
  a homunculus
  4 hill orcs
  2 rothes
  2 Kop Sergeants
  4 orc zombies
  2 dwarf zombies
  4 iguanas
 an acid blob
  4 coyotes
  a hobbit
  2 large kobolds
 12 hobgoblins
  a cave spider
  a yellow mold
  a gnome
  9 Keystone Kops
  a garter snake
  a gnome zombie
  8 jackals
  a kobold
  4 goblins
  a sewer rat
  2 grid bugs
  2 bats
  2 lichens
  3 kobold zombies
  2 newts
135 creatures vanquished.

No species were genocided or became extinct.

Game over:
                       ----------
                      /          \
                     /    REST    \
                    /      IN      \
                   /     PEACE      \
                  /                  \
                  |   Ch3Begorrah    |
                  |     1909 Au      |
                  |   killed by a    |
                  |  crossbow bolt   |
                  |                  |
                  |                  |
                  |       2026       |
                 *|     *  *  *      | *
        _________)/\\_//(\/(/\)/\//\/|_)_______

Goodbye Ch3Begorrah the Rogue...

You died in The Dungeons of Doom on dungeon level 13 with 10091 points,
and 1909 pieces of gold, after 4066 moves.
You were level 8 with a maximum of 71 hit points when you died.

